 Dungeon Crawl Stone Soup version 0.31.0-32-g396128a36d (webtiles) character file.

Game seed: 8791213266156518455

14438 monsoonserge the Nimble (level 12, -2/80 HPs)
             Began as an Octopode Shapeshifter on Apr 12, 2024.
             Was an Initiate of Gozag.
             Headbutted by a minotaur (6 damage)
             ... in a Gauntlet.
             The game lasted 00:45:59 (11028 turns).

monsoonserge the Nimble (Octopode Shapeshifter)    Turns: 11028, Time: 00:46:00

Health: -2/80      AC:  2    Str: 16 (17) XL:     12   Next: 16%
Magic:  13/15      EV: 26    Int: 34      God:    Gozag
Gold:   533        SH:  0    Dex: 11 (13) Spells: 7/15 levels left

rFire   x x          x
                       - Unarmed
rCold   + + .        (shield currently unavailable)
rNeg    + + .        L - +1 hat {SInv}
rPois   .            (no amulet)
rElec   .            q - +6 ring of intelligence
rCorr   .            A - +5 ring of evasion
SInv    +            N - +6 ring of intelligence
Will    .....        f - +6 ring of intelligence
Stlth   ++           t - ring of ice
HPRegen 0.33/turn    R - ring of ice
MPRegen 0.14/turn    i - ring of Makhleb, Cursing {Wiz rN+ Int+4}
                     k - ring of positive energy

%: no teleportation, wizardry (x1)
@: flux-form, glowing, studying Dodging
A: glow, contaminating, almost no armour, amphibious, 8 rings, camouflage 1,
gelatinous body 1, (nimble swimmer 1), tentacles, [deterioration 2],
([teleportitis 2]), [heat vulnerability 1], [inability to read after injury 1]
a: Begin Untransformation, Renounce Religion, Potion Petition, Call Merchant,
Bribe Branch


You were in a Gauntlet.
You worshipped Gozag.
Gozag was pleased with you.
You were something dangerously unstable.
You visited 2 branches of the dungeon, and saw 12 of its levels.
You also visited: Gauntlet.

You collected 2062 gold pieces.
You spent 25 gold pieces at shops.
You paid 1504 gold pieces to Gozag.

Inventory:

Armour
 L - a +1 hat of see invisible (worn)
Jewellery
 f - a +6 ring of intelligence (on tentacle)
 i - the ring of Makhleb, Cursing (on tentacle) {Wiz rN+ Int+4}
   (You found it in a Gauntlet)

   [ring of wizardry]

   Wiz:       It improves your spell success rate.
   Int+4:     It affects your intelligence (+4).
   rN+:       It protects you from negative energy.
 j - a ring of fire
 k - a ring of positive energy (on tentacle)
 q - a +6 ring of intelligence (left tentacle)
 t - a ring of ice (on tentacle)
 A - a +5 ring of evasion (right tentacle)
 N - a +6 ring of intelligence (on tentacle)
 R - a ring of ice (on tentacle)
Talismans
 c - a flux talisman (active)
 K - a dragon-blood talisman
Wands
 l - a wand of charming (4)
 v - a wand of flame (14) (quivered)
 y - a wand of polymorph (9)
 B - a wand of roots (10)
 Q - a wand of digging (6)
Scrolls
 a - 2 scrolls of teleportation
 g - a scroll of fear {unknown}
 h - 4 scrolls of revelation
 m - 3 scrolls of immolation
 p - a scroll of torment
 u - 2 scrolls of enchant armour
 w - 3 scrolls of noise {unknown}
 x - a scroll of silence {unknown}
 z - a scroll of vulnerability
 C - 2 scrolls of blinking
 E - 3 scrolls of fog {unknown}
 F - a scroll of butterflies {unknown}
 G - 2 scrolls of amnesia
 M - 2 scrolls of acquirement {unknown}
Potions
 b - 2 potions of lignification
 d - 4 potions of curing
 e - a potion of ambrosia
 r - 3 potions of attraction {unknown}
 s - 3 potions of haste
 D - 3 potions of mutation
 I - 2 potions of brilliance {unknown}
 J - a potion of cancellation {unknown}
 O - a potion of invisibility {unknown}
 P - a potion of berserk rage {unknown}
 S - a potion of enlightenment {unknown}


   Skills:
 - Level 6.8 Fighting
 + Level 11.7 Dodging
 - Level 4.6 Stealth
 + Level 10.3 Unarmed Combat
 - Level 2.0 Spellcasting
 - Level 3.0 Conjurations
 - Level 2.0 Translocations
 - Level 3.0 Air Magic
 - Level 3.0 Alchemy
 - Level 3.3 Evocations
 * Level 10.0 Shapeshifting


You had 7 spell levels left.
You knew the following spells:

 Your Spells              Type           Power      Damage    Failure   Level
a - Lesser Beckoning      Tloc           34%        N/A       1%          2
b - Mephitic Cloud        Conj/Alch/Air  23%        N/A       2%          3
c - Swiftness             Air            23%        N/A       2%          3

Your spell library contained the following spells:

 Spells                   Type           Power      Damage    Failure   Level
 Mercury Vapours          Alch/Air       46%        N/A       1%          2
 Ensorcelled Hibernation  Hex/Ice        14%        N/A       3%          2
 Scorch                   Fire           6%         2d5       3%          2
 Gell's Gravitas          Tloc           17%        N/A       3%          3
 Teleport Other           Tloc           17%        N/A       3%          3
 Dazzling Flash           Conj/Hex       26%        N/A       4%          3
 Volatile Blastmotes      Fire/Tloc      20%        2d11      4%          3
 Call Canine Familiar     Summ           3%         N/A       8%          3
 Passwall                 Erth           3%         N/A       8%          3
 Sigil of Binding         Hex            3%         N/A       8%          3
 Tukima's Dance           Hex            3%         N/A       8%          3
 Iskenderun's Mystic Bla  Conj/Tloc      20%        2d6       9%          4
 Passage of Golubria      Tloc           17%        N/A       11%         4
 Flame Wave               Conj/Fire      13%        2d6       13%         4
 Dimensional Bullseye     Hex/Tloc       5%         N/A       16%         4
 Anguish                  Hex/Necr       1%         N/A       24%         4
 Cause Fear               Hex            1%         N/A       24%         4
 Freezing Cloud           Conj/Ice/Air   19%        6-21      28%         5
 Yara's Violent Unravell  Hex/Alch       6%         3d5       32%         5
 Starburst                Conj/Fire      6%         6d4       86%         6
 Summon Cactus Giant      Summ           1%         N/A       97%         6
 Enfeeble                 Hex            1%         N/A       100%        7
 Maxwell's Capacitive Co  Air            11%        ∞         100%        8


Dungeon Overview and Level Annotations

Branches:
Dungeon (11/15)            Temple (1/1) D:5            Lair (0/5) D:10
    Orc (0/2) D:11        Gauntlet (1/1)

Altars:
Ashenzari
Cheibriados
Dithmenos
Elyvilon
Fedhas
Gozag
Hepliaklqana
Kikubaaqudgha
Makhleb
Nemelex Xobeh
Okawaru
Qazlal
Ru
Sif Muna
Trog
Uskayaw
Vehumet
Wu Jian
Xom
Yredelemnul
Zin
The Shining One
Jiyva

Shops:
D:10 *=

Annotations:
D:3 1 runed translucent door, Crazy Yiuf
D:7 1 runed translucent door, gummybears's ghost, novice GnCK
D:9 3 runed translucent doors, asasucksnuts's ghost, novice MiMo Gauntlet 8 transporters


Innate Abilities, Weirdness & Mutations

You are something dangerously unstable.
You glow with magical radiation, making you easy to see and hit.
Foes you strike become dangerously contaminated with magical radiation.
You are incapable of wielding weapons or throwing items.
You cannot wear most types of armour.
You are amphibious.
You can wear up to eight rings at the same time.
Your skin changes colour to match your surroundings (Stealth+).
Your rubbery body absorbs attacks. (AC +1, EV +1)
((You are camouflaged when in or above water. (Stealth+)))
You have tentacles for arms and can constrict up to eight enemies at once.
[Your body often deteriorates upon taking damage.]
[((You are often teleported next to monsters.))]
[You are vulnerable to heat. (rF-)]
[You occasionally lose the ability to read scrolls when taking damage.]


Message History

You tentacle-slap the minotaur.
The minotaur glows dangerously bright.
The minotaur is lightly wounded.
You constrict the minotaur.
You tentacle-slap the minotaur but do no damage.
The minotaur shudders as magic cascades through it!
The minotaur twists and deforms.
The minotaur is moderately wounded.
You constrict the minotaur.
The minotaur hits itself with a +0 falchion!!
The minotaur gores itself but does no damage.
You strike the helpless minotaur from behind!
You tentacle-slap the minotaur.
The minotaur begins to glow.
The minotaur is severely wounded.
You constrict the minotaur.
Unknown command.
You tentacle-slap the minotaur.
The minotaur glows dangerously bright.
You squeeze the minotaur, but do no damage.
The minotaur is severely wounded.
You constrict the minotaur.
The minotaur seems less confused.
The minotaur hits you with a +0 falchion!!
The minotaur gores you.
* * * LOW HITPOINT WARNING * * *
You tentacle-slap the minotaur.
The minotaur shudders as magic cascades through it.
The minotaur twists and deforms.
The minotaur is almost dead.
You constrict the minotaur, but do no damage.
The minotaur hits you with a +0 falchion!
* * * LOW HITPOINT WARNING * * *
Your body deteriorates!
You feel clumsy. The minotaur gores you!
* * * LOW HITPOINT WARNING * * *
Your body deteriorates!
You feel weakened.
Casting: Mephitic Cloud (mildly dangerous; 2% risk of failure)
Confirm with . or Enter, or press ? or * to list all spells.
Okay, then.
You completely miss the minotaur.
The minotaur furiously retaliates!
The minotaur headbutts you.
You die...
Your body crumbles into a pile of gold.

≈≈≈ ∩≈ .. .### ... #######☼######
#............. #.###H###.###.
#.###p###.## #............
###.###.###.# ###.###.###.###
#.............# ##...©.©.©...##
############.........##########
###§#≈#≈#≈#≈#############≈#≈#≈#≈#
#≈§§............8.∩.8..........§§


You could see a minotaur (misshapen).

Vanquished Creatures
  Gastronok (D:8)
  Snorg (D:10)
  A hydra (D:10)
  A boulder beetle (D:11)
  A two-headed ogre (D:11)
  A wretched star (Gauntlet)
  Pikel (D:6)
  The ghost of gamers12 the Covered, a novice MiFi (D:8)
  A gargoyle (D:11)
  A smoke demon (Gauntlet)
  4 kobold demonologists
  A komodo dragon (D:8)
  A troll (D:11)
  A wolf spider simulacrum (Gauntlet)
  Prince Ribbit (D:9)
  2 polar bears (D:9)
  2 centaur simulacra (Gauntlet)
  A shadow (D:8)
  Sigmund (D:2)
  A small abomination (Gauntlet)
  A wyvern (D:11)
  An unseen horror simulacrum (D:9)
  10 yaks
  A steam dragon (D:7)
  2 vampire mosquitoes (D:10)
  2 water moccasins
  A hydra simulacrum (Gauntlet)
  2 ice beasts
  2 orc warriors
  2 ogres (D:5)
  A centaur (D:7)
  2 lemures
  3 phantoms
  3 kobold brigands
  5 bullfrogs
  A gnoll sergeant (D:8)
  2 scorpions
  4 wights
  3 killer bees (D:9)
  8 howler monkeys
  2 electric eels (D:9)
  4 crimson imps (Gauntlet)
  3 jellies
  3 gnoll boudas
  2 bombardier beetles
  5 orc priests
  A hound (D:5)
  7 iguanas
  6 orc wizards
  8 adders
  15 gnolls
  2 shadow imps
  3 white imps
  A howler monkey simulacrum (D:9)
  3 ufetubi
  2 dart slugs
  24 orcs
  6 ball pythons
  12 endoplasms
  2 giant cockroaches (D:4)
  7 goblins
  6 hobgoblins
  12 jackals
  A quokka (D:1)
  6 bats
  10 frilled lizards
  14 kobolds
  5 rats
253 creatures vanquished.

Vanquished Creatures (others)
  An orc warrior (D:11)
  A gnoll (D:9)
2 creatures vanquished.

Grand Total: 255 creatures vanquished

Notes
Turn   | Place    | Note
-------+----------+-------------------------------------------
     0 | D:1      | monsoonserge the Octopode Shapeshifter began the quest for
                  | the Orb.
     0 | D:1      | Reached XP level 1. HP: 13/13 MP: 1/1
   160 | D:1      | Found a faded altar of an unknown god.
   164 | D:1      | Reached skill level 1 in Stealth
   164 | D:1      | Reached XP level 2. HP: 18/18 MP: 2/2
   384 | D:1      | Reached XP level 3. HP: 19/24 MP: 3/3
   763 | D:2      | Noticed Sigmund
   799 | D:2      | Killed Sigmund
   800 | D:2      | Reached skill level 5 in Unarmed Combat
   800 | D:2      | Reached XP level 4. HP: 19/29 MP: 4/4
   800 | D:2      | Reached XP level 5. HP: 22/34 MP: 5/5
  1158 | D:2      | Reached XP level 6. HP: 36/39 MP: 6/6
  1377 | D:3      | Found a runed translucent door.
  1378 | D:3      | Noticed Crazy Yiuf
  2723 | D:5      | Entered Level 5 of the Dungeon
  2726 | D:5      | Reached skill level 1 in Evocations
  2726 | D:5      | Reached XP level 7. HP: 42/45 MP: 7/7
  2771 | D:5      | Found a staircase to the Ecumenical Temple.
  2778 | Temple   | Entered the Ecumenical Temple
  2794 | Temple   | Became a worshipper of Gozag Ym Sagoz the Greedy
  2869 | D:5      | Reached skill level 3 in Dodging
  2904 | D:5      | Found a shadowy altar of Dithmenos.
  2993 | D:5      | Reached skill level 4 in Dodging
  2993 | D:5      | Reached XP level 8. HP: 33/52 MP: 8/8
  3477 | D:5      | Reached skill level 5 in Dodging
  3849 | D:7      | Reached skill level 5 in Shapeshifting
  4047 | D:6      | Reached XP level 9. HP: 42/56 MP: 9/9
  4495 | D:6      | Noticed Pikel
  4555 | D:6      | Killed Pikel
  4556 | D:6      | Reached skill level 6 in Dodging
  5040 | D:7      | Found a runed translucent door.
  5041 | D:7      | Noticed gummybears's ghost (novice GnCK)
  5067 | D:7      | Reached skill level 7 in Dodging
  5444 | D:7      | Reached skill level 8 in Dodging
  5507 | D:7      | Reached XP level 10. HP: 64/64 MP: 10/10
  6232 | D:8      | Reached skill level 9 in Dodging
  6447 | D:8      | Found a runed translucent gate.
  6449 | D:8      | Found a runed translucent gate.
  6449 | D:8      | Found a runed translucent gate.
  6478 | D:8      | Noticed gamers12's ghost (novice MiFi)
  6742 | D:8      | Noticed Gastronok
  6754 | D:8      | Killed Gastronok
  6755 | D:8      | Reached skill level 5 in Fighting
  7222 | D:9      | Noticed a kobold demonologist
  7247 | D:9      | Reached skill level 10 in Dodging
  7254 | D:9      | Learned a level 2 spell: Lesser Beckoning
  7258 | D:9      | Learned a level 3 spell: Mephitic Cloud
  7672 | D:9      | Noticed Prince Ribbit
  7679 | D:9      | Killed Prince Ribbit
  7680 | D:9      | Reached XP level 11. HP: 47/72 MP: 11/11
  7845 | D:9      | Found a runed translucent gate.
  7845 | D:9      | Found a runed translucent gate.
  7845 | D:9      | Found a runed translucent gate.
  7885 | D:8      | Killed gamers12's ghost
  7886 | D:8      | Reached skill level 1 in Conjurations
  7886 | D:8      | Reached skill level 1 in Translocations
  7886 | D:8      | Reached skill level 1 in Air Magic
  7886 | D:8      | Reached skill level 1 in Alchemy
  7998 | D:8      | Reached skill level 1 in Spellcasting
  8178 | D:9      | Found a glowing silver altar of Zin.
  8363 | D:9      | Noticed asasucksnuts's ghost (novice MiMo)
  8438 | D:9      | Noticed a soul eater
  8867 | D:9      | Found a viscous altar of Jiyva.
  8908 | D:10     | Entered Level 10 of the Dungeon
  8912 | D:10     | Bought a fizzy dark potion for 25 gold pieces
  8977 | D:10     | Noticed a sun demon
  9054 | D:10     | Noticed a soul eater
  9239 | D:10     | Noticed Snorg
  9252 | D:10     | Killed Snorg
  9448 | D:10     | Found a hazy altar of Hepliaklqana.
  9502 | D:10     | Noticed a four-headed hydra
  9515 | D:10     | Killed a four-headed hydra
  9771 | D:10     | Found a staircase to the Lair.
  9794 | D:10     | Found a burning altar of Makhleb.
  9794 | D:10     | Found an ancient bone altar of Kikubaaqudgha.
 10090 | D:11     | Noticed a two-headed ogre
 10098 | D:11     | Killed a two-headed ogre
 10163 | D:11     | Reached skill level 11 in Dodging
 10169 | D:11     | Found a staircase to the Orcish Mines.
 10326 | D:11     | Found a gate leading to a gauntlet.
 10327 | D:11     | Noticed a boulder beetle
 10352 | D:11     | Killed a boulder beetle
 10353 | D:11     | Reached skill level 10 in Unarmed Combat
 10402 | Gauntlet | Entered a Gauntlet
 10402 | Gauntlet | Found a transporter.
 10402 | Gauntlet | Found a transporter.
 10444 | Gauntlet | Found a transporter.
 10445 | Gauntlet | Noticed a fire crab
 10457 | Gauntlet | Found a transporter.
 10490 | Gauntlet | Found a transporter.
 10501 | Gauntlet | Found a transporter.
 10515 | Gauntlet | Found a transporter.
 10549 | Gauntlet | Noticed a wretched star
 10556 | Gauntlet | Found a transporter.
 10557 | Gauntlet | Found a transporter.
 10557 | Gauntlet | Found a transporter.
 10574 | Gauntlet | Found a transporter.
 10593 | Gauntlet | Found a runed translucent gate.
 10594 | Gauntlet | Found a transporter.
 10594 | Gauntlet | Found a runed translucent gate.
 10595 | Gauntlet | Found a runed translucent gate.
 10609 | Gauntlet | Found a transporter.
 10609 | Gauntlet | Noticed a moth of wrath
 10626 | Gauntlet | Found a transporter.
 10711 | Gauntlet | Reached XP level 12. HP: 70/80 MP: 15/15
 10762 | Gauntlet | Killed a wretched star
 10803 | Gauntlet | Learned a level 3 spell: Swiftness
 10982 | Gauntlet | Reached skill level 10 in Shapeshifting
 10991 | Gauntlet | Identified the ring of Makhleb, Cursing {Wiz rN+ Int+4}
 11014 | Gauntlet | Noticed a minotaur
 11027 | Gauntlet | HP: 4/80 [minotaur/+0 falchion (12)]
 11028 | Gauntlet | Headbutted by a minotaur

Illustrated notes

Levels and vault maps discovered:
D:1:      co_arrival_random_square_maze, layout_basic,
          dreamdust_ecumenical_altar_statues
D:2:      layout_basic, serial_bayou_crossing, uniq_sigmund
D:3:      layout_basic, uniq_crazy_yiuf_cottage
D:4:      layout_basic
D:5:      layout_cave_pools, mainiacjoe_overflow_small_starburst,
          minmay_temple_entry_junction_2, kennysheep_cluttered_room,
          minmay_manual_mess
D:6:      layout_cave_pods, uniq_pikel
D:7:      layout_basic, gammafunk_ghost_grave
D:8:      layout_loops_ring, ebering_ghost_rock_garden,
          hangedman_abyss_or_decor_jellyfish_corner, minmay_lizard_king,
          uniq_gastronok
D:9:      layout_irregular_city, mainiacjoe_overflow_concentric_impassable,
          serial_ice, serial_ice_j, serial_ice_c, serial_ice_f, serial_ice_b,
          serial_ice_h, serial_ice_d, serial_ice_a, gammafunk_ghost_ooze,
          uniq_prince_ribbit1
D:10:     layout_roguey, nicolae_overflow_hidden_temple, lair_entry_dummy,
          kennysheep_just_a_vault, uniq_snorg
D:11:     layout_roguey [special_room_bee], minmay_orc_entry_temple_small,
          gauntlet_entry_generic
Temple:   sentei_temple_godly_chess
Gauntlet: gammafunk_gauntlet_mixed_choke_point
          [minmay_gauntlet_arena_77_hold_the_fort,
          minmay_gauntlet_arena_77_checkered,
          minmay_gauntlet_arena_77_terracotta_army, nicolae_gauntlet_swirl,
          minmay_gauntlet_arena_77_museum, minmay_gauntlet_arena_77_run_for_it,
          minmay_gauntlet_arena_77_fan, gauntlet_exit_watery]

Skill      XL: |  1  2  3  4  5  6  7  8  9 10 11 12 |
---------------+-------------------------------------+-----
Stealth        | 1 2 3 4 |  4.6
Fighting       | 2 3 4 5 6 |  6.8
Unarmed Combat | 5 6 7 8 9 10 | 10.3
Evocations     | 1 2 3 |  3.3
Dodging        | 4 5 8 10 11 | 11.7
Shapeshifting  | 6 7 8 9 10 | 10.0
Conjurations   | 3 |  3.0
Translocations | 2 |  2.0
Air Magic      | 3 |  3.0
Alchemy        | 3 |  3.0
Spellcasting   | 2 |  2.0

Action                     |  1- 3 |  4- 6 |  7- 9 | 10-12 || total
---------------------------+-------+-------+-------+-------++-------
  Melee: Unarmed           |    62 |    91 |   200 |   368 ||   721
         Constrict         |     9 |    20 |    44 |    61 ||   134
         Tentacles         |     8 |    15 |    61 |   125 ||   209
         Punch             |     1 |     3 |     7 |       ||    11
  Throw: Dart              |       |       |     6 |       ||     6
   Cast: Mephitic Cloud    |       |       |       |     1 ||     1
 Invoke: Call Merchant     |       |       |       |     2 ||     2
  Evoke: Wand              |       |       |     3 |    20 ||    23
    Use: Potion            |     2 |     1 |     2 |       ||     5
         Scroll            |       |       |     9 |     4 ||    13
   Stab: Sleeping          |     9 |     9 |     3 |       ||    21
         Distracted        |       |       |       |     2 ||     2
         Confused          |       |       |       |     1 ||     1
 Armour: Skin              |    55 |    44 |    48 |   100 ||   247
  Dodge: Dodged            |    34 |    56 |   164 |   344 ||   598
   Form: Flux              |       |       |     1 |       ||     1
